 Dungeon Sprint DCSS version 0.17.0-24-gcfadda4 (webtiles) character file.

7 George the Slasher (level 1, -1/16 HPs)
             Began as a Demonspawn Gladiator on Nov 17, 2015.
             Was an Initiate of Makhleb.
             Slain by a gnoll
             ... wielding a +0 spear
              (2 damage)
             ... in the Dungeon (Sprint VII: "The Pits").
             The game lasted 00:00:41 (74 turns).

George the Slasher (Demonspawn Gladiator)             Turns: 74, Time: 00:00:41

Health: -1/16      AC:  4    Str: 15    XL:     1   Next: 83%
Magic:  1/1        EV: 12    Int:  9    God:    Makhleb [......]
Gold:   0          SH:  0    Dex: 13    Spells: 0 memorised, 0 levels left

rFire  . . .     SeeInvis .     s - +2 falchion
rCold  . . .     Clarity  .     b - +0 leather armour
rNeg   . . .     SustAt   .     (no shield)
rPois  .         Gourm    .     c - +0 helmet
rElec  .         Spirit   .     (no cloak)
rCorr  .         Warding  .     (no gloves)
rMut   .         NoTele   +     (no boots)
MR     .....                    (no amulet)
Stlth  +.........               (no ring)
                                (no ring)

@: not resistant to hostile enchantments, very unstealthy
A: no striking features
a: Renounce Religion


You were in the Dungeon.
You worshipped Makhleb.
Makhleb was noncommittal.
You were not hungry.

You visited 1 branch

Inventory:

Hand Weapons
 s - a +2 falchion (weapon)
Missiles
 d - 3 throwing nets (quivered)
Armour
 b - a +0 leather armour (worn)
 c - a +0 helmet (worn)
Scrolls
 k - a scroll of blinking
 p - 3 scrolls of remove curse
 q - 5 scrolls of amnesia
 r - a scroll of summoning
Potions
 f - a potion of curing
 g - a potion of heal wounds
 h - a potion of haste
 i - 4 potions of magic
 j - 3 potions of berserk rage
 o - 2 potions of invisibility
Comestibles
 e - 8 bread rations
 l - 2 chunks of flesh
 m - 40 fruits
 n - 7 meat rations


   Skills:
 - Level 2.0 Fighting
 + Level 4.3 Long Blades
 - Level 1.7 Throwing
 - Level 2.6 Dodging
 + Level 0.0 Invocations


You couldn't memorise any spells.
You didn't know any spells.

Dungeon Overview and Level Annotations

Branches:
Dungeon (1/1)

Altars:
Ashenzari
Cheibriados
Dithmenos
Elyvilon
Fedhas
Gozag
Kikubaaqudgha
Makhleb
Nemelex Xobeh
Okawaru
Qazlal
Ru
Sif Muna
Trog
Vehumet
Xom
Yredelemnul
Zin
The Shining One
Beogh
Jiyva
Lugonu


Message History

There is a white marble altar of Elyvilon here.
There is a bloodstained altar of Trog here.
There is a shadowy altar of Dithmenos here.
There is an open door to the Temple (Safe) here.
There is an open door here.
You open the door.
A quokka and a gnoll come into view.
The gnoll shouts!
The gnoll barely misses you.
The gnoll hits you from afar with a spear.
You hit the quokka but do no damage. The gnoll hits you but does no damage.
The quokka misses you.
You closely miss the quokka. The quokka completely misses you.
The gnoll hits you from afar with a spear.
The quokka bites you.
* * * LOW HITPOINT WARNING * * *
There is an open door here.
You barely miss the quokka. The quokka barely misses you.
The gnoll hits you from afar with a spear.
You die...

############
#__________#
#__________#
#.#####'##############++
#_#)))'@'..##...........
#_#)))#r#?(##......#..#.
#######g#####...........
#...........'...........
#+#####'#####......#..#.
... #........... #...#
####'#####++ #####
#.......# #.......#


You could see a gnoll and a quokka.

Vanquished Creatures
  An adder (D)
1 creature vanquished.

Notes
Turn   | Place    | Note
--------------------------------------------------------------
     0 | D        | George the Demonspawn Gladiator began the quest for the Orb.
     0 | D        | Reached XP level 1. HP: 16/16 MP: 1/1
    10 | D        | Reached skill level 4 in Long Blades
    33 | D        | Found a sacrificial altar of Ru.
    33 | D        | Found a shadowy altar of Dithmenos.
    33 | D        | Found a bloodstained altar of Trog.
    33 | D        | Found a deep blue altar of Sif Muna.
    33 | D        | Found a shimmering altar of Xom.
    33 | D        | Found a sparkling altar of Nemelex Xobeh.
    33 | D        | Found a corrupted altar of Lugonu.
    33 | D        | Found a viscous altar of Jiyva.
    34 | D        | Found a basalt altar of Yredelemnul.
    34 | D        | Found a burning altar of Makhleb.
    34 | D        | Found an ancient bone altar of Kikubaaqudgha.
    36 | D        | Found a glowing golden altar of the Shining One.
    36 | D        | Found a glowing silver altar of Zin.
    48 | D        | Found a shattered altar of Ashenzari.
    48 | D        | Found a white marble altar of Elyvilon.
    48 | D        | Found a snail-covered altar of Cheibriados.
    48 | D        | Found a blossoming altar of Fedhas.
    48 | D        | Found a radiant altar of Vehumet.
    48 | D        | Found a roughly hewn altar of Beogh.
    48 | D        | Found an iron altar of Okawaru.
    51 | D        | Became a worshipper of Makhleb the Destroyer
    56 | D        | Found a stormy altar of Qazlal.
    57 | D        | Found an opulent altar of Gozag.
    74 | D        | Slain by a gnoll

Action                   || total
-------------------------++-------
Melee: Falchion          ||     3
       Long sword        ||     1
